Workbook
Name AbaDeprec: '5. Depreciação'!$A$1
Name AbaRemun: '6.Remuneração de capital'!$A$1

Sheet 1.1 Coleta Domiciliar
A2: ORÇAMENTO Município de Curitibanos/SC
A6: 1. Coleta Convencional manual e mecanizada de resíduos sólidos urbanos (orgânicos/rejeitos) com características domiciliares, gerados em residências, estabelecimentos comerciais, industriais e de prestação de serviços públicos, dispostos em vias e logradouros públicos localizados dentro do perímetro urbano do município.
A9: Planilha de Composição de Custos
A10: Descrição do Item | E10: Custo (R$/mês) | F10: %
A11: =A50 -> 1. Mão-de-obra | E11: =+F165 -> 84354.224 | F11: =IFERROR(E11/$E$30,0) -> 0.47341282
A12: =A52 -> 1.1. Coletor Turno Dia | E12: =F63 -> 30498.65 | F12: =IFERROR(E12/$E$30,0) -> 0.17116454
A13: =A65 -> 1.2. Coletor Turno Noite | E13: =F82 -> 13493.302 | F13: =IFERROR(E13/$E$30,0) -> 0.075727113
A14: =A84 -> 1.3. Motorista Turno do Dia | E14: =F97 -> 16403.386 | F14: =IFERROR(E14/$E$30,0) -> 0.09205909
A15: =A99 -> 1.4. Motorista Turno Noite | E15: =F118 -> 5702.6577 | F15: =IFERROR(E15/$E$30,0) -> 0.032004458
A16: =A150 -> 1.7. Vale Transporte | E16: =F156 -> 1492.5888 | F16: =IFERROR(E16/$E$30,0) -> 0.0083767076
A17: =A159 -> 1.8. Auxílio Alimentação (mensal) | E17: =F163 -> 6020 | F17: =IFERROR(E17/$E$30,0) -> 0.033785447
A18: =A167 -> 2. Uniformes e Equipamentos de Proteção Individual | E18: =+F197 -> 2010.1367 | F18: =IFERROR(E18/$E$30,0) -> 0.01128129
A19: =A199 -> 3. Veículos e Equipamentos | E19: =F332 -> 51573.27 | F19: =IFERROR(E19/$E$30,0) -> 0.28943953
A20: =A201 -> 3.1. Veículo Coletor Compactador 15 m³ | E20: =SUM(E21:E26) -> 48590.729 | F20: =IFERROR(E20/$E$30,0) -> 0.27270092
A21: =A203 -> 3.1.1. Depreciação | E21: =F217 -> 13168.32 | F21: =IFERROR(E21/$E$30,0) -> 0.073903252
A22: =A219 -> 3.1.2. Remuneração do Capital | E22: =F233 -> 10282.925 | F22: =IFERROR(E22/$E$30,0) -> 0.057709839
A23: =A235 -> 3.1.3. Impostos e Seguros | E23: =F241 -> 1423.7475 | F23: =IFERROR(E23/$E$30,0) -> 0.0079903564
A24: =A243 -> 3.1.4. Consumos | E24: =F259 -> 17183.736 | F24: =IFERROR(E24/$E$30,0) -> 0.096438574
A25: =A261 -> 3.1.5. Manutenção | E25: =F264 -> 4508 | F25: =IFERROR(E25/$E$30,0) -> 0.0252998
A26: =A266 -> 3.1.6. Pneus | E26: =F273 -> 2024 | F26: =IFERROR(E26/$E$30,0) -> 0.011359094
A27: =A334 -> 4. Ferramentas e Materiais de Consumo | E27: =F346 -> 1132.8733 | F27: =IFERROR(E27/$E$30,0) -> 0.0063579123
A28: =A348 -> 5. Monitoramento da Frota | E28: =F357 -> 276.66667 | F28: =IFERROR(E28/$E$30,0) -> 0.0015527088
A29: =A361 -> 6. Benefícios e Despesas Indiretas - BDI | E29: =F367 -> 38836.057 | F29: =IFERROR(E29/$E$30,0) -> 0.21795574
A30: PREÇO TOTAL MENSAL COM A COLETA | E30: =E11+E18+E19+E27+E28+E29 -> 178183.23 | F30: =F11+F18+F19+F27+F28+F29 -> 1
A33: Quantitativos
A34: Mão-de-obra | E34: Quantidade
A35: =+A52 -> 1.1. Coletor Turno Dia | E35: 7
A36: =+A65 -> 1.2. Coletor Turno Noite | E36: 3
A37: =+A84 -> 1.3. Motorista Turno do Dia | E37: 3
A38: =A99 -> 1.4. Motorista Turno Noite | E38: 1
A39: =A120 -> 1.5. Encarregado/Fiscal | E39: 1
A40: =A135 -> 1.6. Auxiliar administrativo | E40: 1
A41: Total de mão-de-obra (postos de trabalho) | E41: =SUM(E35:E40) -> 16
A43: Veículos e Equipamentos | E43: Quantidade
A44: =A201 -> 3.1. Veículo Coletor Compactador 15 m³ | E44: 3
A45: =A277 -> 3.2. Veículo Utilitário - Veículo de apoio | E45: 1
A46: Total de veículos e equipamentos | E46: =SUM(E44:E45) -> 4
A48: Fator de utilização (FU) | B48: 1
A50: 1. Mão-de-obra
A52: 1.1. Coletor Turno Dia
A53: Discriminação | B53: Unidade | C53: Quantidade | D53: Custo unitário | E53: Subtotal | F53: Total (R$)
A54: Piso da categoria | B54: mês | C54: 1 | D54: 1731.4 | E54: =C54*D54 -> 1731.4
A55: Horas Extras (100%) | B55: hora | C55: 0 | D55: =D54/220*2 -> 15.74 | E55: =C55*D55 -> 0
A56: Horas Extras (50%) | B56: hora | C56: 8 | D56: =D54/220*1.5 -> 11.805 | E56: =C56*D56 -> 94.44
A57: Descanso Semanal Remunerado (DSR) - hora extra | B57: R$ | D57: =63/302*(SUM(E55:E56)) -> 19.70106 | E57: =D57 -> 19.70106
A58: Adicional de Insalubridade | B58: % | C58: 40 | D58: 1518 | E58: =C58*D58/100 -> 607.2
A59: Soma | E59: =SUM(E54:E58) -> 2452.7411
A60: Encargos Sociais | B60: % | C60: ='2.Encargos Sociais'!$C$34*100 -> 77.635952 | D60: =E59 -> 2452.7411 | E60: =D60*C60/100 -> 1904.2089
A61: Total por Coletor | E61: =E59+E60 -> 4356.9499
A62: Total do Efetivo | B62: homem | C62: =E35 -> 7 | D62: =E61 -> 4356.9499 | E62: =C62*D62 -> 30498.65
D63: Fator de utilização | E63: =$B$48 -> 1 | F63: =E62*E63 -> 30498.65
A65: 1.2. Coletor Turno Noite
A66: Discriminação | B66: Unidade | C66: Quantidade | D66: Custo unitário | E66: Subtotal | F66: Total (R$)
A67: Piso da categoria | B67: mês | C67: 1 | D67: =D54 -> 1731.4 | E67: =C67*D67 -> 1731.4
A68: Adicional Noturno | B68: horas trabalhadas | C68: 52
B69: hora contabilizada | C69: =C68*8/7 -> 59.428571 | D69: =D67/220*0.2 -> 1.574 | E69: =C69*D69 -> 93.540571
A70: Horas Extras (100%) | B70: hora | C70: 3 | D70: =D67/220*2 -> 15.74 | E70: =C70*D70 -> 47.22
A71: Horas Extras Noturnas (100%) | B71: horas trabalhadas
B72: hora contabilizada | C72: =C71*8/7 -> 0 | D72: =D67/220*2*1.2 -> 18.888 | E72: =C72*D72 -> 0
A73: Horas Extras (50%) | B73: hora | C73: 3 | D73: =D67/220*1.5 -> 11.805 | E73: =C73*D73 -> 35.415
A74: Horas Extras Noturnas (50%) | B74: horas trabalhadas
B75: hora contabilizada | C75: =C74*8/7 -> 0 | D75: =D67/220*1.5*1.2 -> 14.166 | E75: =C75*D75 -> 0
A76: Descanso Semanal Remunerado (DSR) - hora extra | B76: R$ | D76: =63/302*(SUM(E70:E75)) -> 17.238427 | E76: =D76 -> 17.238427
A77: Adicional de Insalubridade | B77: % | C77: =+C58 -> 40 | D77: 1518 | E77: =C77*D77/100 -> 607.2
A78: Soma | E78: =SUM(E67:E77) -> 2532.014
A79: Encargos Sociais | B79: % | C79: ='2.Encargos Sociais'!$C$34*100 -> 77.635952 | D79: =E78 -> 2532.014 | E79: =D79*C79/100 -> 1965.7532
A80: Total por Coletor | E80: =E78+E79 -> 4497.7672
A81: Total do Efetivo | B81: homem | C81: =E36 -> 3 | D81: =E80 -> 4497.7672 | E81: =C81*D81 -> 13493.302
D82: Fator de utilização | E82: =$B$48 -> 1 | F82: =E81*E82 -> 13493.302
A84: 1.3. Motorista Turno do Dia
A85: Discriminação | B85: Unidade | C85: Quantidade | D85: Custo unitário | E85: Subtotal | F85: Total (R$)
A86: Piso da categoria (2) | B86: mês | C86: 1 | D86: 2584.12 | E86: =C86*D86 -> 2584.12
A87: Salário mínimo nacional (1) | B87: mês | C87: 1 | D87: 1518
A88: Horas Extras (100%) | B88: hora | C88: 0 | D88: =D86/220*2 -> 23.492 | E88: =C88*D88 -> 0
A89: Horas Extras (50%) | B89: hora | C89: 8 | D89: =D86/220*1.5 -> 17.619 | E89: =C89*D89 -> 140.952
A90: Descanso Semanal Remunerado (DSR) - hora extra | B90: R$ | D90: =63/302*(SUM(E88:E89)) -> 29.403894 | E90: =D90 -> 29.403894
A91: Base de cálculo da Insalubridade | C91: 1
A92: Adicional de Insalubridade | B92: % | C92: 20 | D92: =IF(C91=2,SUM(E86:E90),IF(C91=1,(SUM(E86:E90))*D87/D86,0)) -> 1618.0728 | E92: =C92*D92/100 -> 323.61457
A93: Soma | E93: =SUM(E86:E92) -> 3078.0905
A94: Encargos Sociais | B94: % | C94: ='2.Encargos Sociais'!$C$34*100 -> 77.635952 | D94: =E93 -> 3078.0905 | E94: =D94*C94/100 -> 2389.7048
A95: Total por Motorista | E95: =E93+E94 -> 5467.7953
A96: Total do Efetivo | B96: homem | C96: 3 | D96: =E95 -> 5467.7953 | E96: =C96*D96 -> 16403.386
D97: Fator de utilização | E97: =$B$48 -> 1 | F97: =E96*E97 -> 16403.386
A99: 1.4. Motorista Turno Noite
A100: Discriminação | B100: Unidade | C100: Quantidade | D100: Custo unitário | E100: Subtotal | F100: Total (R$)
A101: Piso da categoria (2) | B101: mês | C101: 1 | D101: =D86 -> 2584.12 | E101: =C101*D101 -> 2584.12
A102: Salário mínimo nacional (1) | B102: mês | C102: 1 | D102: =D87 -> 1518
A103: Adicional Noturno | B103: horas trabalhadas | C103: 52
B104: hora contabilizada | C104: =C103*8/7 -> 59.428571 | D104: =D101/220*0.2 -> 2.3492 | E104: =C104*D104 -> 139.6096
A105: Horas Extras (100%) | B105: hora | C105: 3 | D105: =D101/220*2 -> 23.492 | E105: =C105*D105 -> 70.476
A106: Horas Extras Noturnas (100%) | B106: horas trabalhadas
B107: hora contabilizada | C107: =C106*8/7 -> 0 | D107: =D101/220*2*1.2 -> 28.1904 | E107: =C107*D107 -> 0
A108: Horas Extras (50%) | B108: hora | C108: 3 | D108: =D101/220*1.5 -> 17.619 | E108: =C108*D108 -> 52.857
A109: Horas Extras Noturnas (50%) | B109: horas trabalhadas
B110: hora contabilizada | C110: =C109*8/7 -> 0 | D110: =D101/220*1.5*1.2 -> 21.1428 | E110: =C110*D110 -> 0
A111: Descanso Semanal Remunerado (DSR) - hora extra | B111: R$ | D111: =63/302*(SUM(E105:E110)) -> 25.728407 | E111: =D111 -> 25.728407
A112: Base de cálculo da Insalubridade | C112: 1
A113: Adicional de Insalubridade | B113: % | C113: =+C92 -> 20 | D113: =IF(C112=2,SUM(E101:E111),IF(C112=1,SUM(E101:E111)*D102/D101,0)) -> 1687.5752 | E113: =C113*D113/100 -> 337.51503
A114: Soma | E114: =SUM(E101:E113) -> 3210.306
A115: Encargos Sociais | B115: % | C115: ='2.Encargos Sociais'!$C$34*100 -> 77.635952 | D115: =E114 -> 3210.306 | E115: =D115*C115/100 -> 2492.3517
...

Sheet 1.2 Contêiner Orgânica
A2: ORÇAMENTO Município de Curitibanos/SC
A6: 2. Fornecimento, Higienização e Manutenção de Contêineres na forma de comodato de contêineres em PEAD com capacidade volumétrica de 1.000 litros, munidos de adesivo plástico para identificação de resíduos orgânicos/rejeitos, de tampa, de muchões para carregamento mecanizado, de dreno com tampa para esvaziamento de líquidos e quatro rodas com dispositivo de travamento. Cor AZUL.
A9: Planilha de Composição de Custos
A10: Descrição do Item | E10: Custo (R$/mês) | F10: %
A11: =A43 -> 1. Mão-de-obra | E11: =+F87 -> 11067.33 | F11: =IFERROR(E11/$E$28,0) -> 0.22767425
A12: =A45 -> 1.1. Coletor Turno Dia | E12: =F56 -> 4356.9499 | F12: =IFERROR(E12/$E$28,0) -> 0.089630048
A13: =A58 -> 1.2. Motorista Turno do Dia | E13: =F71 -> 5432.2422 | F13: =IFERROR(E13/$E$28,0) -> 0.11175068
A14: =A73 -> 1.3. Vale Transporte | E14: =F79 -> 418.1376 | F14: =IFERROR(E14/$E$28,0) -> 0.0086018187
A15: =A81 -> 1.4. Auxílio Alimentação (mensal) | E15: =F85 -> 860 | F15: =IFERROR(E15/$E$28,0) -> 0.017691698
A16: =A89 -> 2. Uniformes e Equipamentos de Proteção Individual | E16: =+F118 -> 253.73167 | F16: =IFERROR(E16/$E$28,0) -> 0.0052197023
A17: =A120 -> 3. Veículos e Equipamentos | E17: =+F197 -> 14225.694 | F17: =IFERROR(E17/$E$28,0) -> 0.2926473
A18: =A122 -> 3.1. Veículo Caminhão Baú 30 m³ | E18: =SUM(E19:E24) -> 14225.694 | F18: =IFERROR(E18/$E$28,0) -> 0.2926473
A19: =A124 -> 3.1.1. Depreciação | E19: =F138 -> 3248 | F19: =IFERROR(E19/$E$28,0) -> 0.066817017
A20: =A140 -> 3.1.2. Remuneração do Capital | E20: =F154 -> 2536.31 | F20: =IFERROR(E20/$E$28,0) -> 0.052176314
A21: =A156 -> 3.1.3. Impostos e Seguros | E21: =F162 -> 408.74917 | F21: =IFERROR(E21/$E$28,0) -> 0.0084086822
A22: =A164 -> 3.1.4. Consumos | E22: =F180 -> 5687.7531 | F22: =IFERROR(E22/$E$28,0) -> 0.11700699
A23: =A182 -> 3.1.5. Manutenção | E23: =F185 -> 1912.62 | F23: =IFERROR(E23/$E$28,0) -> 0.039345924
A24: =A187 -> 3.1.6. Pneus | E24: =F194 -> 432.26182 | F24: =IFERROR(E24/$E$28,0) -> 0.0088923784
A25: =A199 -> 4. Ferramentas e Materiais de Consumo | E25: =F217 -> 12399.54 | F25: =IFERROR(E25/$E$28,0) -> 0.25508013
A26: =A219 -> 5. Monitoramento da Frota | E26: =+F228 -> 69.166667 | F26: =IFERROR(E26/$E$28,0) -> 0.0014228788
A27: =A232 -> 6. Benefícios e Despesas Indiretas - BDI | E27: =F238 -> 10594.909 | F27: =IFERROR(E27/$E$28,0) -> 0.21795574
A28: PREÇO TOTAL MENSAL COM A COLETA | E28: =E11+E16+E17+E25+E26+E27 -> 48610.371 | F28: =F11+F16+F17+F25+F26+F27 -> 1
A31: Quantitativos
A32: Mão-de-obra | E32: Quantidade
A33: =+A45 -> 1.1. Coletor Turno Dia | E33: 1
A34: =+A58 -> 1.2. Motorista Turno do Dia | E34: 1
A35: Total de mão-de-obra (postos de trabalho) | E35: =SUM(E33:E34) -> 2
A37: Veículos e Equipamentos | E37: Quantidade
A38: =+A122 -> 3.1. Veículo Caminhão Baú 30 m³ | E38: 1
A41: Fator de utilização (FU) | B41: 1
A43: 1. Mão-de-obra
A45: 1.1. Coletor Turno Dia
A46: Discriminação | B46: Unidade | C46: Quantidade | D46: Custo unitário | E46: Subtotal | F46: Total (R$)
A47: Piso da categoria | B47: mês | C47: 1 | D47: 1731.4 | E47: =C47*D47 -> 1731.4
A48: Horas Extras (100%) | B48: hora | C48: 0 | D48: 2 | E48: =C48*D48 -> 0
A49: Horas Extras (50%) | B49: hora | C49: 8 | D49: =D47/220*1.5 -> 11.805 | E49: =C49*D49 -> 94.44
A50: Descanso Semanal Remunerado (DSR) - hora extra | B50: R$ | D50: =63/302*(SUM(E48:E49)) -> 19.70106 | E50: =D50 -> 19.70106
A51: Adicional de Insalubridade | B51: % | C51: 40 | D51: 1518 | E51: =C51*D51/100 -> 607.2
A52: Soma | E52: =SUM(E47:E51) -> 2452.7411
A53: Encargos Sociais | B53: % | C53: ='2.Encargos Sociais'!$C$34*100 -> 77.635952 | D53: =E52 -> 2452.7411 | E53: =D53*C53/100 -> 1904.2089
A54: Total por Coletor | E54: =E52+E53 -> 4356.9499
A55: Total do Efetivo | B55: homem | C55: =E33 -> 1 | D55: =E54 -> 4356.9499 | E55: =C55*D55 -> 4356.9499
D56: Fator de utilização | E56: =$B$41 -> 1 | F56: =E55*E56 -> 4356.9499
A58: 1.2. Motorista Turno do Dia
A59: Discriminação | B59: Unidade | C59: Quantidade | D59: Custo unitário | E59: Subtotal | F59: Total (R$)
A60: Piso da categoria (2) | B60: mês | C60: 1 | D60: 2584.12 | E60: =C60*D60 -> 2584.12
A61: Salário mínimo nacional (1) | B61: mês | C61: 1 | D61: 1518
A62: Horas Extras (100%) | B62: hora | C62: 0 | D62: =D60/220*2 -> 23.492 | E62: =C62*D62 -> 0
A63: Horas Extras (50%) | B63: hora | C63: 8 | D63: =D60/220*1.5 -> 17.619 | E63: =C63*D63 -> 140.952
A64: Descanso Semanal Remunerado (DSR) - hora extra | B64: R$ | D64: =63/302*(SUM(E62:E63)) -> 29.403894 | E64: =D64 -> 29.403894
A65: Base de cálculo da Insalubridade | C65: 1
A66: Adicional de Insalubridade | B66: % | C66: 20 | D66: 1518 | E66: =C66*D66/100 -> 303.6
A67: Soma | E67: =SUM(E60:E66) -> 3058.0759
A68: Encargos Sociais | B68: % | C68: ='2.Encargos Sociais'!$C$34*100 -> 77.635952 | D68: =E67 -> 3058.0759 | E68: =D68*C68/100 -> 2374.1663
A69: Total por Motorista | E69: =E67+E68 -> 5432.2422
A70: Total do Efetivo | B70: homem | C70: =E34 -> 1 | D70: =E69 -> 5432.2422 | E70: =C70*D70 -> 5432.2422
D71: Fator de utilização | E71: =$B$41 -> 1 | F71: =E70*E71 -> 5432.2422
A73: 1.3. Vale Transporte
A74: Discriminação | B74: Unidade | C74: Quantidade | D74: Custo unitário | E74: Subtotal | F74: Total (R$)
A75: Vale Transporte | B75: R$ | C75: 1 | D75: 4.5
A76: Dias Trabalhados por mês | B76: dia | C76: 26
A77: Coletor | B77: vale | C77: =$C$76*2*(C55+E33) -> 104 | D77: =IFERROR((($C$76*2*$D$75)-(E47*0.06*C76/26))/($C$76*2),"-") -> 2.5022308 | E77: =IFERROR(C77*D77,"-") -> 260.232
A78: Motorista | B78: vale | C78: =$C$76*2*(C70+E34) -> 104 | D78: =IFERROR((($C$76*2*$D$75)-(E60*0.06*C76/26))/($C$76*2),"-") -> 1.5183231 | E78: =IFERROR(C78*D78,"-") -> 157.9056
F79: =SUM(E77:E78) -> 418.1376
A81: 1.4. Auxílio Alimentação (mensal)
A82: Discriminação | B82: Unidade | C82: Quantidade | D82: Custo unitário | E82: Subtotal | F82: Total (R$)
A83: =A77 -> Coletor | B83: unidade | C83: =E33 -> 1 | D83: 430 | E83: =C83*D83 -> 430
A84: =A78 -> Motorista | B84: unidade | C84: =E34 -> 1 | D84: 430 | E84: =C84*D84 -> 430
D85: Fator de utilização | E85: =$B$41 -> 1 | F85: =SUM(E83:E84)*E85 -> 860
A87: Custo Mensal com Mão-de-obra (R$/mês) | F87: =F85+F79+F71+F56 -> 11067.33
A89: 2. Uniformes e Equipamentos de Proteção Individual
A91: 2.1. Uniformes e EPIs para Coletor
A93: Discriminação | B93: Unidade | C93: Durabilidade (meses) | D93: Custo unitário | E93: Subtotal | F93: Total (R$)
A94: ='1.1 Coleta Domiciliar'!A172 -> Jaqueta com reflexivo (NBR 15.292) | B94: ='1.1 Coleta Domiciliar'!B172 -> unidade | C94: ='1.1 Coleta Domiciliar'!C172 -> 12 | D94: ='1.1 Coleta Domiciliar'!D172 -> 63 | E94: =IFERROR(D94/C94,0) -> 5.25
A95: ='1.1 Coleta Domiciliar'!A173 -> Calça | B95: ='1.1 Coleta Domiciliar'!B173 -> unidade | C95: ='1.1 Coleta Domiciliar'!C173 -> 4 | D95: ='1.1 Coleta Domiciliar'!D173 -> 59.9 | E95: =IFERROR(D95/C95,0) -> 14.975
A96: ='1.1 Coleta Domiciliar'!A174 -> Camiseta | B96: ='1.1 Coleta Domiciliar'!B174 -> unidade | C96: ='1.1 Coleta Domiciliar'!C174 -> 2 | D96: ='1.1 Coleta Domiciliar'!D174 -> 27.5 | E96: =IFERROR(D96/C96,0) -> 13.75
A97: ='1.1 Coleta Domiciliar'!A175 -> Boné | B97: ='1.1 Coleta Domiciliar'!B175 -> unidade | C97: ='1.1 Coleta Domiciliar'!C175 -> 3 | D97: ='1.1 Coleta Domiciliar'!D175 -> 19 | E97: =IFERROR(D97/C97,0) -> 6.3333333
A98: ='1.1 Coleta Domiciliar'!A176 -> Tênis de segurança c/ palmilha aço | B98: ='1.1 Coleta Domiciliar'!B176 -> par | C98: ='1.1 Coleta Domiciliar'!C176 -> 2 | D98: ='1.1 Coleta Domiciliar'!D176 -> 98.62 | E98: =IFERROR(D98/C98,0) -> 49.31
A99: ='1.1 Coleta Domiciliar'!A177 -> Capa de chuva amarela com reflexivo | B99: ='1.1 Coleta Domiciliar'!B177 -> unidade | C99: ='1.1 Coleta Domiciliar'!C177 -> 6 | D99: ='1.1 Coleta Domiciliar'!D177 -> 128 | E99: =IFERROR(D99/C99,0) -> 21.333333
A100: ='1.1 Coleta Domiciliar'!A178 -> Luva de proteção | B100: ='1.1 Coleta Domiciliar'!B178 -> par | C100: ='1.1 Coleta Domiciliar'!C178 -> 1 | D100: ='1.1 Coleta Domiciliar'!D178 -> 32 | E100: =IFERROR(D100/C100,0) -> 32
A101: ='1.1 Coleta Domiciliar'!A179 -> Protetor solar FPS 30 | B101: ='1.1 Coleta Domiciliar'!B179 -> frasco 120g | C101: ='1.1 Coleta Domiciliar'!C179 -> 2 | D101: ='1.1 Coleta Domiciliar'!D179 -> 19 | E101: =IFERROR(D101/C101,0) -> 9.5
A102: ='1.1 Coleta Domiciliar'!A180 -> Óculos de sol | B102: ='1.1 Coleta Domiciliar'!B180 -> unidade | C102: ='1.1 Coleta Domiciliar'!C180 -> 4 | D102: ='1.1 Coleta Domiciliar'!D180 -> 4.6 | E102: =IFERROR(D102/C102,0) -> 1.15
A103: Total do Efetivo | B103: homem | C103: =E33 -> 1 | D103: =+SUM(E94:E102) -> 153.60167 | E103: =C103*D103 -> 153.60167
D104: Fator de utilização | E104: =$B$41 -> 1 | F104: =E103*E104 -> 153.60167
A106: 2.2. Uniformes e EPIs para demais categorias
A108: Discriminação | B108: Unidade | C108: Durabilidade (meses) | D108: Custo unitário | E108: Subtotal | F108: Total (R$)
A109: Jaqueta com reflexivo (NBR 15.292) | B109: unidade | C109: 12 | D109: =+D94 -> 63 | E109: =IFERROR(D109/C109,0) -> 5.25
A110: Calça | B110: unidade | C110: 4 | D110: =+D95 -> 59.9 | E110: =IFERROR(D110/C110,0) -> 14.975
A111: Camiseta | B111: unidade | C111: 2 | D111: =+D96 -> 27.5 | E111: =IFERROR(D111/C111,0) -> 13.75
A112: Botina de segurança c/ palmilha aço | B112: par | C112: 4 | D112: =+D98 -> 98.62 | E112: =IFERROR(D112/C112,0) -> 24.655
A113: Capa de chuva amarela com reflexivo | B113: unidade | C113: 4 | D113: 128 | E113: =IFERROR(D113/C113,0) -> 32
A114: Protetor solar FPS 30 | B114: frasco 120g | C114: 2 | D114: =D101 -> 19 | E114: =IFERROR(D114/C114,0) -> 9.5
A115: Total do Efetivo | B115: homem | C115: =E34 -> 1 | D115: =+SUM(E109:E114) -> 100.13 | E115: =C115*D115 -> 100.13
D116: Fator de utilização | E116: =$B$41 -> 1 | F116: =E115*E116 -> 100.13
A118: Custo Mensal com Uniformes e EPIs (R$/mês) | F118: =+F104+F116 -> 253.73167
A120: 3. Veículos e Equipamentos
A122: 3.1. Veículo Caminhão Baú 30 m³
A124: 3.1.1. Depreciação
A125: Discriminação | B125: Unidade | C125: Quantidade | D125: Custo unitário | E125: Subtotal | F125: Total (R$)
A126: Custo de aquisição do chassis | B126: unidade | C126: 1 | D126: 275000 | E126: =C126*D126 -> 275000
...

Sheet 2.Encargos Sociais
A1: Orientações para preenchimento:
A2: 1. Preencha previamente os dados de entrada na planilha 3.CAGED
A4: 2. Composição dos Encargos Sociais
A5: Código | B5: Descrição | C5: Valor
A6: A1 | B6: INSS | C6: 0.26
A7: A2 | B7: SESI | C7: 0.015
A8: A3 | B8: SENAI | C8: 0.01
A9: A4 | B9: INCRA | C9: 0.002
A10: A5 | B10: SEBRAE | C10: 0.006
A11: A6 | B11: Salário educação | C11: 0.025
A12: A7 | B12: Seguro contra acidentes de trabalho | C12: 0.03
A13: A8 | B13: FGTS | C13: 0.08
A14: A | B14: SOMA GRUPO A | C14: =SUM(C6:C13) -> 0.428
A16: B1 | B16: Férias gozadas | C16: =ROUND(IF('3.CAGED'!C24>24,(1-12/'3.CAGED'!C24)*0.1111,0.1111-C25),4) -> 0.0619
A17: B2 | B17: 13º salário | C17: =ROUND('3.CAGED'!C28/'3.CAGED'!C25,4) -> 0.0833
A18: B3 | B18: Licença Paternidade | C18: 0.0006
A19: B4 | B19: Faltas justificadas | C19: 0.0082
A20: B5 | B20: Auxilio acidente de trabalho | C20: 0.0031
A21: B6 | B21: Auxilio doença | C21: 0.0166
A22: B | B22: SOMA GRUPO B | C22: =SUM(C16:C21) -> 0.1737
A24: C1 | B24: Aviso prévio indenizado | C24: =ROUND(('3.CAGED'!C29) *'3.CAGED'!C22/'3.CAGED'!C25,4) -> 0.0256
A25: C2 | B25: Férias indenizadas | C25: =ROUND(IF('3.CAGED'!C24>12,12/'3.CAGED'!C24*0.1111,0.1111),4) -> 0.0492
A26: C3 | B26: Férias indenizadas s/ aviso previo inden. | C26: =C24*C25 -> 0.00125952
A27: C4 | B27: Depósito rescisão sem justa causa | C27: =ROUND(('3.CAGED'!C25+'3.CAGED'!C26+'3.CAGED'!C28)/'3.CAGED'!C23*'3.CAGED'!C30*'3.CAGED'!C31*'3.CAGED'!C22/'3.CAGED'!C25,4) -> 0.0205
A28: C5 | B28: Indenização adicional | C28: =ROUND(('3.CAGED'!C27/'3.CAGED'!C25)*'3.CAGED'!C22/12,4) -> 0.0018
A29: C | B29: SOMA GRUPO C | C29: =SUM(C24:C28) -> 0.09835952
A31: D1 | B31: Reincidência de Grupo A sobre Grupo B | C31: =ROUND(C14*C22,4) -> 0.0743
A32: D2 | B32: Reincidência de FGTS sobre aviso prévio indenizado | C32: =ROUND((C24*C13),4) -> 0.002
A33: D | B33: SOMA GRUPO D | C33: =SUM(C31:C32) -> 0.0763
B34: SOMA (A+B+C+D) | C34: =C33+C29+C22+C14 -> 0.77635952

Sheet 3.CAGED
A1: CÁLCULO DAS VERBAS INDENIZATÓRIAS DOS EMPREGADOS NO SETOR DE COLETA DE RSU
B3: 3. CAGED
B4: Coleta de Resíduos Não-Perigosos - CNAE 38114
B5: Admissões | C5: 2100
B6: Desligamentos | C6: 2031
B7: Dispensados com justa causa | C7: 44
B8: Dispensados sem justa causa | C8: 1192
B9: Espontâneos | C9: 372
B10: Fim de contrato por prazo determinado | C10: 22
B11: Término de contrato | C11: 350
B12: Aposentados | C12: 1
B13: Mortos | C13: 30
B14: Transferência de saída | C14: 0
B15: Acordo | C15: 0
B16: Indicadores
B17: Estoque recuperado início do Período 01-01-2019 | C17: 4625
B18: Estoque recuperado final do Período 31-12-2019 | C18: 4694
B19: Variação Emprego Absoluta de 01-01-2019 a 31-12-2019 | C19: =C5-C6 -> 69
B21: Estoque Médio | C21: =MEDIAN(C17,C18) -> 4659.5
B22: % Demitidos s/ Justa Causa em relação ao Estoque Médio | C22: =C8/C21 -> 0.25582144
B23: Taxa de Rotatividade | C23: =MEDIAN(C5,C6)/C21 -> 0.44328791
B24: Rotatividade temporal (meses) | C24: =12/C23 -> 27.070443
B25: Dias ano | C25: 360
B26: 1/3 de férias (dias) | C26: 10
B27: Férias (dias) | C27: 30
B28: 13º Salário (dias) | C28: 30
B29: Dias de Aviso prévio | C29: =30+(3*TRUNC(1/C23)) -> 36
B30: FGTS | C30: 0.08
B31: Multa FGTS | C31: 0.4

Sheet 4.BDI
A3: MUNICÍPIO DE CURITIBANOS/SC
A5: Composição do BDI - Benefícios e Despesas Indiretas
D7: Referência estudo TCE
D8: 1° Quartil | E8: Médio | F8: 3° Quartil
A9: Administração Central | B9: AC | C9: 0.05 | D9: 0.0297 | E9: 0.0508 | F9: 0.0627
A10: Seguros/Riscos/Garantias | B10: SRG | C10: 0.01 | D10: =0.3%+0.56% -> 0.0086 | E10: =0.48%+0.85% -> 0.0133 | F10: =0.82%+0.89% -> 0.0171
A11: Lucro | B11: L | C11: 0.1 | D11: 0.0778 | E11: 0.1085 | F11: 0.1355
A12: Despesas Financeiras | B12: DF | C12: =(1+E12)^(E13/252)-1 -> 0.012768337 | D12: i | E12: 0.1425
A13: Tributos - ISS | B13: T | C13: 0.04 | D13: DU | E13: 24
A14: Tributos - PIS/COFINS | C14: 0.0365
A15: Fórmula para o cálculo do BDI:
A16: {[(1+AC+SRG) x (1+L) x (1+DF)] / (1-T)} -1
A17: Resultado do cálculo do BDI: | C17: =ROUND((((1+C9+C10)*(1+C11)*(1+C12))/(1-(C13+C14))-1),4) -> 0.2787 | D17: 0.2143 | E17: 0.2717 | F17: 0.3362

Sheet 5. Depreciação
A1: 5. Depreciação Referencial TCE (%)
A2: Idade do veículo (ano) | B2: Depreciação Média
A3: 1 | B3: 33.63
A4: 2 | B4: 43.13
A5: 3 | B5: 48.68
A6: 4 | B6: 52.62
A7: 5 | B7: 55.68
A8: 6 | B8: 58.18
A9: 7 | B9: 60.29
A10: 8 | B10: 62.12
A11: 9 | B11: 63.73
A12: 10 | B12: 65.18
A13: 11 | B13: 66.48
A14: 12 | B14: 67.67
... A17: 15 | B17: 70.73

Sheet 6.Remuneração de capital
A1: 6. Remuneração de Capital
A3: Fórmula de cálculo da remuneração de capital:
A12: Jm = remuneração de capital mensal
A13: i = taxa de juros do mercado (sugere-se adotar a taxa SELIC)
A14: Im = investimento médio
A15: V0 = valor inicial do bem
A16: Vr = valor residual do bem
A17: n = vida útil do bem em anos
